 Dungeon Crawl Stone Soup version 0.28.0-43-g3370ac3207 (webtiles) character file.

Game seed: 16033253896174161361

1717 croobank the Slasher (level 9, -10/51 HPs)
             Began as an Octopode Fire Elementalist on Mar 17, 2022.
             Killed from afar by Dowan (14 damage)
             ... with a stone arrow
             ... on level 5 of the Dungeon.
             The game lasted 00:18:54 (5482 turns).

croobank the Slasher (Octopode Fire Elementalist)   Turns: 5482, Time: 00:18:59

Health: -10/51     AC:  1    Str:  9    XL:     9   Next: 4%
Magic:  14/14      EV: 18    Int: 19    God:
Gold:   137        SH:  0    Dex: 13    Spells: 8/15 levels left

rFire   + . .      SeeInvis .   a - +8 autumn katana {vorpal, manifold assault}
rCold   . . .      Faith    .   (no shield)
rNeg    . . .      Spirit   .   (helmet restricted)
rPois   .          Reflect  .   (no amulet)
rElec   .          Harm     .   k - ring of protection from fire
rCorr   .          Rampage  .   q - +4 ring of evasion
Will    .....      Clarity  +   (no ring)
Stlth   ++........ Rnd*Tele +   (no ring)
HPRegen 0.17/turn               (no ring)
MPRegen 0.14/turn               (no ring)
                                (no ring)
                                (no ring)

@: confused, lethally poisoned (-10 -> -16), ambrosia-drunk, invisible
A: almost no armour, amphibious, 8 rings, camouflage 1, gelatinous body 1,
(nimble swimmer 1), tentacles, clarity, teleportitis 1
a: no special abilities


You were on level 5 of the Dungeon.
You visited 1 branch of the dungeon, and saw 5 of its levels.

You collected 137 gold pieces.

Inventory:

Hand Weapons
 a - the +8 autumn katana (weapon) {vorpal, manifold assault}
   (You acquired it on level 5 of the Dungeon)

   It sometimes launches melee attacks against multiple visible enemies.
 b - a +2 hunting sling of flaming
 c - a +2 whip of freezing
 g - a +0 battleaxe
 l - a +0 dagger of draining
 m - a +0 hand axe
 o - a +0 rapier of holy wrath
 s - a +0 vampiric dagger
 t - a +0 short sword
Missiles
 d - 115 stones
 f - 55 arrows
 u - 2 poisoned darts
Magical Staves
 p - a staff of poison
Jewellery
 k - a ring of protection from fire (left tentacle)
 q - a +4 ring of evasion (right tentacle)
Scrolls
 h - 2 scrolls of fog
Potions
 e - 2 potions of mutation
 n - 2 potions of flight
 r - 2 potions of brilliance


   Skills:
 + Level 7.8 Long Blades
 - Level 4.0 Dodging
 - Level 5.7 Stealth
 - Level 3.7 Spellcasting
 - Level 3.5 Conjurations
 - Level 4.6 Fire Magic


You had 8 spell levels left.
You knew the following spells:

 Your Spells              Type           Power      Damage    Failure   Level
a - Foxfire               Conj/Fire      76%        2x1d7     2%          1
b - Scorch                Fire           42%        2d7       3%          2
c - Flame Wave            Conj/Fire      19%        2d6       26%         4

Your spell library contained the following spells:

 Spells                   Type           Power      Damage    Failure   Level
 Conjure Flame            Conj/Fire      19%        6-21      8%          3
 Inner Flame              Hex/Fire       12%        N/A       17%         3


Dungeon Overview and Level Annotations

Branches:
Dungeon (5/15)
 Temple: D:4-7

Altars:
Ashenzari
Vehumet

Shops:
D:2 [

Annotations:
D:5 Dowan


Innate Abilities, Weirdness & Mutations

You cannot wear most types of armour.
You are amphibious.
You can wear up to eight rings at the same time.
Your skin changes colour to match your surroundings (Stealth+).
Your rubbery body absorbs attacks. (AC +1, EV +1)
((You are camouflaged when in or above water. (Stealth+)))
You have tentacles for arms and can constrict up to eight enemies at once.
You possess an exceptional clarity of mind.
You are occasionally teleported next to monsters.


Message History

You slash Duvessa!
You kill Duvessa!
Dowan screams, "No!
No!"
Dowan seems to find hidden reserves of power!
Dowan gestures at you while chanting. The stone arrow hits you!!
Ouch! That really hurt!
* * * LOW HITPOINT WARNING * * *
You have reached level 9!
Your experience leads to an increase in your attributes!
Increase (S)trength, (I)ntelligence, or (D)exterity?
You feel stronger. x2
Okay, then.
Okay, then.
Things that are here:
a +0 short sword; a +0 ring mail; the elf corpse of Duvessa
Okay, then.
You fade into invisibility!
Dowan misses you.
Dowan hits you with a +1 dagger of venom.
* * * LOW HITPOINT WARNING * * *
You are lethally poisoned!
Dowan closely misses you.
Things that are here:
a +0 short sword; a +0 ring mail; the elf corpse of Duvessa You are confused.
You feel invigorated.
* * * LOW HITPOINT WARNING * * *
You feel very sick. Dowan closely misses you.
Okay, then.
You are too confused!
Sorry, you're not good enough to have a special ability.
You slash Dowan!
Dowan is severely wounded.
* * * LOW HITPOINT WARNING * * *
You feel sick.
Dowan points at you and mumbles some strange words.
The stone arrow hits you!
You die...

### ### .. ####... #.#
........ .. ........
#####)##........
..............#
...............
.....$..e..# #
#######@#.##..#
#.......# ##.###.##
#.###.# ####### #..##.#
#.....# ##.##.#
########.....#####..#.#
......................#
########.....######..##


You could see Dowan (fast, empowered).

Vanquished Creatures
  Pikel (D:5)
  Sigmund (D:3)
  Duvessa (D:5)
  A sky beast (D:5)
  A black bear (D:5)
  An ogre (D:4)
  2 phantoms
  2 lemures (D:5)
  3 scorpions
  A centaur zombie (D:5)
  3 hounds
  An orc priest (D:4)
  An iguana (D:5)
  Natasha (thrice) (D:3)
  An orc wizard (D:3)
  2 adders
  3 worms (D:5)
  2 dart slugs (D:4)
  14 orcs
  6 bats
  11 endoplasms
  6 giant cockroaches
  9 goblins
  6 hobgoblins
  2 jackals (D:3)
  6 quokkas
  6 ball pythons
  4 frilled lizards
  8 kobolds
  6 rats
114 creatures vanquished.

Vanquished Creatures (others)
  172 foxfires
172 creatures vanquished.

Grand Total: 286 creatures vanquished

Notes
Turn   | Place    | Note
-------+----------+-------------------------------------------
     0 | D:1      | croobank the Octopode Fire Elementalist began the quest for
                  | the Orb.
     0 | D:1      | Reached XP level 1. HP: 11/11 MP: 3/3
   269 | D:1      | Reached XP level 2. HP: 15/17 MP: 1/5
   272 | D:1      | Learned a level 2 spell: Scorch
   918 | D:1      | Reached XP level 3. HP: 21/21 MP: 3/6
  1230 | D:2      | Found Mueklew's Armour Emporium.
  2225 | D:3      | Reached XP level 4. HP: 27/27 MP: 4/7
  2230 | D:3      | Learned a level 4 spell: Flame Wave
  2374 | D:3      | Gained mutation: You sometimes lose the ability to read
                  | scrolls when taking damage. [potion of mutation]
  2374 | D:3      | Lost mutation: You sometimes lose the ability to read
                  | scrolls when taking damage. [potion of mutation]
  2374 | D:3      | Gained mutation: You are occasionally teleported next to
                  | monsters. [potion of mutation]
  2374 | D:3      | Gained mutation: You possess an exceptional clarity of
                  | mind. [potion of mutation]
  2505 | D:3      | Found a faded altar of an unknown god.
  2901 | D:3      | Noticed Natasha
  2908 | D:3      | Killed Natasha
  2909 | D:3      | Reached XP level 5. HP: 31/31 MP: 3/9
  2959 | D:3      | Noticed Natasha
  2963 | D:3      | Killed Natasha
  3216 | D:3      | Noticed Sigmund
  3231 | D:3      | Killed Sigmund
  3232 | D:3      | Reached XP level 6. HP: 7/36 MP: 0/10
  3724 | D:3      | Noticed Natasha
  3728 | D:3      | Killed Natasha
  3898 | D:4      | Reached skill level 5 in Stealth
  4241 | D:4      | Reached XP level 7. HP: 41/41 MP: 5/12
  4507 | D:4      | Found a broken altar of Ashenzari.
  4677 | D:5      | Entered Level 5 of the Dungeon
  4687 | D:5      | Noticed Pikel
  4708 | D:5      | Identified a scroll of acquirement
  4708 | D:5      | Acquired the +8 autumn katana {vorpal, manifold assault}
  4708 | D:5      | Found the +8 autumn katana {vorpal, manifold assault}
  4723 | D:5      | Reached skill level 1 in Long Blades
  4854 | D:5      | Reached skill level 2 in Long Blades
  5019 | D:5      | Reached skill level 3 in Long Blades
  5019 | D:5      | Reached XP level 8. HP: 35/46 MP: 8/13
  5127 | D:5      | Reached skill level 4 in Long Blades
  5147 | D:5      | Found a radiant altar of Vehumet.
  5163 | D:5      | Reached skill level 5 in Long Blades
  5218 | D:5      | Killed Pikel
  5219 | D:5      | Reached skill level 7 in Long Blades
  5464 | D:5      | Noticed Duvessa
  5468 | D:5      | Noticed Dowan
  5476 | D:5      | Killed Duvessa
  5477 | D:5      | Reached XP level 9. HP: 3/51 MP: 9/14
  5482 | D:5      | Killed from afar by Dowan

Illustrated notes

Levels and vault maps discovered:
D:1:      matt_arrival_spirals, layout_basic, minmay_pentomino_u2
D:2:      minmay_wonky_spiral, layout_basic, serial_shops, nicolae_shop_crystal,
          kennysheep_decorative_pillar
D:3:      layout_basic, shapermc_ecumenical_altar_venn,
          kennysheep_generic_room_8, uniq_sigmund, uniq_natasha
D:4:      layout_rooms, lemuel_coloured_pillars_altar
D:5:      layout_basic, old_standard_altar, mainiacjoe_overflow_surrounded_room,
          nicolae_wormholes, uniq_eustachio, uniq_pikel, uniq_duvessa, uniq_ijyb

Skill      XL: |  1  2  3  4  5  6  7  8 |
---------------+-------------------------+-----
Stealth        | 3 4 5 |  5.7
Conjurations   | 2 3 |  3.5
Dodging        | 3 4 |  4.0
Spellcasting   | 3 |  3.7
Fire Magic     | 4 |  4.6
Long Blades    | 3 7 |  7.8

Action                   |  1- 3 |  4- 6 |  7- 9 || total
-------------------------+-------+-------+-------++-------
Melee: Unarmed           |     7 |       |       ||     7
       Constrict         |     6 |     9 |    10 ||    25
       Tentacles         |     6 |     9 |     8 ||    23
       Short sword       |    16 |    24 |     3 ||    43
       Punch             |       |     3 |     1 ||     4
       Katana            |       |       |    49 ||    49
 Cast: Foxfire           |    39 |    38 |    26 ||   103
       Scorch            |    10 |    28 |    23 ||    61
  Use: Scroll            |       |     7 |     3 ||    10
       Potion            |       |     2 |     3 ||     5
 Stab: Sleeping          |     4 |       |       ||     4
       Distracted        |       |       |     1 ||     1
Armor: Skin              |     1 |     4 |     2 ||     7
Dodge: Dodged            |    13 |    31 |    38 ||    82
